 Dungeon Crawl Stone Soup version 0.31-a0-948-gf5be29c462 (webtiles) character file.

Game seed: 964779339468014673

7464 Mgcat the Cleaver (level 11, -20/97 HPs)
             Began as a Meteoran Fighter on Oct 21, 2023.
             Was a Priest of Makhleb.
             Demolished by a two-headed ogre
             ... wielding a +0 giant club
              (23 damage)
             ... on level 10 of the Dungeon.
             The game lasted 00:10:18 (4551 turns).

Mgcat the Cleaver (Meteoran Fighter)                Turns: 4551, Time: 00:10:18

Health: -20/97     AC:  8    Str: 24    XL:     11   Next: 64%
Magic:  12/12      EV: 14    Int:  9    God:    Makhleb [***...]
Gold:   438        SH:  6    Dex: 13    Spells: 10/10 levels left

rFire   . . .        y - +2 hand axe (venom)
rCold   . . .        c - +0 buckler
rNeg    . . .        b - +0 scale mail
rPois   .            (no helmet)
rElec   .            (no cloak)
rCorr   .            (no gloves)
SInv    .            (no boots)
Will    ++...        d - amulet of regeneration {+regen, !d} Stlth
                     B - +5 ring of evasion
HPRegen 1.16/turn    r - ring of willpower
MPRegen 0.13/turn

%: no passive effects
@: slowed, glowing, very slow
A: sense surroundings 2, otherworldly, glowing, explore regen
a: Renounce Religion, Minor Destruction, Lesser Servant of Makhleb


You were on level 10 of the Dungeon.
You worshipped Makhleb.
Makhleb was most pleased with you.
You visited 2 branches of the dungeon, and saw 11 of its levels.

You collected 438 gold pieces.

Inventory:

Hand Weapons
 a - a +0 war axe
 x - a +0 war axe
   (You took it off an orc on level 6 of the Dungeon)
 y - a +2 hand axe of venom (weapon)
   (You took it off an orc on level 6 of the Dungeon)
Missiles
 D - 4 curare-tipped darts
 H - 3 throwing nets {=f, !d}
Armour
 b - a +0 scale mail (worn)
 c - a +0 buckler (worn)
 t - +0 ice dragon scales
   (You found it on level 3 of the Dungeon)
Magical Staves
 K - a staff of fire {rF+}
   (You found it on level 10 of the Dungeon)
Jewellery
 d - an amulet of regeneration (around neck) {+regen, !d}
   (You found it on level 4 of the Dungeon)
 e - a ring of poison resistance {rPois, !d}
   (You found it on level 9 of the Dungeon)
 g - a ring of positive energy {rN+}
   (You found it on level 1 of the Dungeon)
 r - a ring of willpower (right hand)
   (You found it on level 3 of the Dungeon)
 B - a +5 ring of evasion (left hand)
   (You found it on level 6 of the Dungeon)
 C - a ring of willpower
   (You found it on level 7 of the Dungeon)
 E - a ring of see invisible {sInv, !d}
   (You found it on level 7 of the Dungeon)
Wands
 z - a wand of quicksilver (12)
   (You found it on level 6 of the Dungeon)
 A - a wand of mindburst (31)
   (You found it on level 6 of the Dungeon)
 G - a wand of charming (10)
   (You found it on level 8 of the Dungeon)
 I - a wand of polymorph (3)
   (You took it off Harold on level 9 of the Dungeon)
Scrolls
 f - 2 scrolls of poison {unknown}
 h - 3 scrolls of teleportation
 i - 2 scrolls of immolation {unknown}
 j - 3 scrolls of enchant weapon {unknown}
 l - a scroll of revelation {unknown}
 n - 4 scrolls of fog {unknown}
 o - a scroll of vulnerability {unknown}
 s - a scroll of fear {unknown}
 v - 2 scrolls of brand weapon {unknown}
Potions
 m - a potion of cancellation {unknown}
 p - 2 potions of enlightenment
 q - 3 potions of curing
 u - 2 potions of degeneration {!q}
 w - 2 potions of lignification {!q}
 F - a potion of ambrosia {unknown}
 J - a potion of haste {unknown}


   Skills:
 + Level 9.0 Fighting
 * Level 12.9 Axes
 + Level 9.0 Armour
 + Level 8.9 Shields


You had 10 spell levels left.
You didn't know any spells.
Your spell library contained the following spells:

 Spells                   Type           Power      Damage    Failure   Level
 Apportation              Tloc           0%         N/A       69%         1
 Necrotise                Necr           0%         1d4       69%         1
 Summon Small Mammal      Summ           0%         N/A       69%         1
 Blink                    Tloc           0%         N/A       83%         2
 Lesser Beckoning         Tloc           0%         N/A       83%         2
 Momentum Strike          Conj/Tloc      0%         3d8       83%         2


Dungeon Overview and Level Annotations

Branches:
Dungeon (10/15) Zot: 1453  Temple (1/1) D:5 Zot: 577
   Lair: D:8-11         Orc: D:9-12

Altars:
Ashenzari
Cheibriados
Dithmenos
Fedhas
Gozag
Hepliaklqana
Kikubaaqudgha
Makhleb
Nemelex Xobeh
Okawaru
Qazlal
Ru
Sif Muna
Trog
Uskayaw
Vehumet
Wu Jian
Xom
Yredelemnul
Zin
The Shining One

Annotations:
D:3 1 runed translucent door, rocker's ghost, amateur DsBe
D:8 Amaemon


Innate Abilities, Weirdness & Mutations

You passively map the area around you.
You are easily found by Zot.
You glow in the dark.
You regain HP and MP as you explore.


Message History

You hit the shadow but do no damage. You completely miss the wraith.
The shadow slips into darkness.
The shadow flickers and vanishes!
Deactivating autopickup; reactivate with Ctrl-A.
You block the wraith's attack.
You hit the wraith but do no damage.
The wraith is moderately damaged.
You hit something but do no damage.
The shadow strikes at you from the darkness!
Reactivating autopickup.
The wraith barely misses you.
You take 23 damage, and have 49/95 hp.
MASSIVE DAMAGE!!
Spoiler Alert: The wraith can slow you in melee!
You closely miss the wraith.
The wraith is moderately damaged.
You closely miss the shadow.
The shadow slips into darkness.
The shadow flickers and vanishes!
Deactivating autopickup; reactivate with Ctrl-A.
You block the wraith's attack.
Spoiler Alert: The wraith can slow you in melee!
You slash the wraith!
The wraith is severely damaged.
You barely miss something.
The shadow strikes at you from the darkness!
Reactivating autopickup.
The wraith barely misses you.
You take 5 damage, and have 45/95 hp.
Spoiler Alert: The wraith can slow you in melee!
You hit the wraith.
The wraith is severely damaged.
You hit the shadow.
The shadow slips into darkness.
The shadow flickers and vanishes!
Deactivating autopickup; reactivate with Ctrl-A.
The wraith hits you. The wraith drains your vigour!
You feel as though you will be slow longer.
You take 5 damage, and have 40/95 hp.
Spoiler Alert: The wraith can slow you in melee!
You hit the wraith.
The wraith is almost destroyed.
You hit something but do no damage.
The shadow strikes at you from the darkness!
Reactivating autopickup.
The wraith closely misses you.
You take 8 damage, and have 32/95 hp.
Spoiler Alert: The wraith can slow you in melee!
You hit the wraith.
The wraith is almost destroyed.
You slash the shadow! You block the wraith's attack.
You barely miss the wraith.
The wraith is almost destroyed.
You hit the two-headed ogre. The wraith barely misses you.
Spoiler Alert: The wraith can slow you in melee!
You hit the wraith but do no damage.
The wraith is almost destroyed.
You hit the two-headed ogre but do no damage.
The two-headed ogre is poisoned.
The two-headed ogre hits you with a +0 giant club.
The two-headed ogre hits you with a +0 giant club!
* * * LOW HITPOINT WARNING * * *
The wraith misses you.
You take 17 damage, and have 17/95 hp.
Spoiler Alert: The wraith can slow you in melee!
You hit the wraith.
The wraith is almost destroyed.
You hit the two-headed ogre.
The two-headed ogre looks even sicker.
The wraith hits you but does no damage. The two-headed ogre closely misses you.
The two-headed ogre barely misses you.
You regained 2 hp, and now have 19/95 hp.
Spoiler Alert: The wraith can slow you in melee!
You completely miss the wraith.
The wraith is almost destroyed.
You completely miss the two-headed ogre.
You block the wraith's attack.
The two-headed ogre barely misses you. x2
You barely miss the wraith.
The wraith is almost destroyed.
You hit the two-headed ogre.
The two-headed ogre looks as sick as possible!
The wraith completely misses you.
The shadow slips into darkness.
The shadow flickers and vanishes!
Deactivating autopickup; reactivate with Ctrl-A.
Spoiler Alert: The wraith can slow you in melee!
You hit the wraith but do no damage.
The wraith is almost destroyed.
You slash the two-headed ogre! The wraith hits you but does no damage.
The two-headed ogre barely misses you. The two-headed ogre closely misses you.
You hit the wraith.
You destroy the wraith!
Makhleb accepts your kill.
You hit the two-headed ogre.
Your Fighting skill increases to level 9!
You regained 2 hp, and now have 24/97 hp.
You barely miss the two-headed ogre.
The two-headed ogre is severely wounded.
The two-headed ogre hits you with a +0 giant club!!
* * * LOW HITPOINT WARNING * * *
The two-headed ogre hits you with a +0 giant club!!
You die...

........#..#..#......#
........)..#..#......#
####..#+##.####..##+##
#..#..............# ,
#..#...........(..#
,#..#..............#
#..####..#######'##
#.Y...#...#...#...#
#.....#...#..@O{..# *
*#..############h..#
,..... ,, #.......#
........ #.......#
......... #.......#
.T.############+#....#
..P..................#
P....................#
.....................#


You could see a two-headed ogre (extremely poisoned) and a black bear.

Vanquished Creatures
  Harold (D:9)
  A two-headed ogre (D:10)
  Joseph (D:7)
  Maggie (D:7)
  2 trolls
  Prince Ribbit (D:7)
  A shadow (D:9)
  11 yaks
  A wraith (D:10)
  A wyvern (D:9)
  Edmund (D:6)
  2 water moccasins (D:10)
  An orc warrior (D:7)
  Pargi (D:3)
  3 ice beasts
  A sky beast (D:7)
  3 centaurs
  4 phantoms
  A bullfrog (D:7)
  2 scorpions
  3 wights (D:9)
  5 killer bees (D:9)
  2 howler monkeys
  5 orc priests
  2 hounds
  A jelly (D:6)
  3 iguanas
  A sleepcap (D:6)
  11 orc wizards
  17 gnolls
  12 adders
  A shadow imp (D:6)
  A white imp (D:5)
  2 ufetubi (D:6)
  40 orcs
  3 endoplasms
  A giant cockroach (D:3)
  4 goblins
  2 hobgoblins
  2 jackals (D:3)
  4 quokkas
  12 ball pythons
  4 bats
  A frilled lizard (D:1)
  2 kobolds (D:2)
  4 rats
185 creatures vanquished.

Notes
Turn   | Place    | Note
-------+----------+-------------------------------------------
     0 | D:1      | Mgcat the Meteoran Fighter began the quest for the Orb.
     0 | D:1      | Reached XP level 1. HP: 19/19 MP: 2/2
   172 | D:1      | Reached skill level 3 in Axes
   172 | D:1      | Reached XP level 2. HP: 26/26 MP: 3/3
   442 | D:2      | Reached XP level 3. HP: 31/31 MP: 4/4
   686 | D:2      | Reached XP level 4. HP: 39/39 MP: 5/5
   900 | D:3      | Reached skill level 4 in Axes
   900 | D:3      | Reached XP level 5. HP: 31/46 MP: 6/6
   941 | D:3      | Found a runed translucent door.
  1003 | D:3      | Noticed a bullfrog
  1005 | D:3      | Noticed rocker's ghost (amateur DsBe)
  1021 | D:3      | Reached skill level 4 in Armour
  1027 | D:3      | Reached skill level 4 in Fighting
  1030 | D:3      | Reached skill level 4 in Shields
  1032 | D:3      | HP: 10/46 [gnoll/+0 spear (4)]
  1149 | D:3      | Reached XP level 6. HP: 52/52 MP: 7/7
  1159 | D:3      | HP: 11/52 [orc/+0 flail (3)]
  1161 | D:3      | Reached skill level 5 in Axes
  1378 | D:3      | Noticed Pargi
  1386 | D:3      | Killed Pargi
  1387 | D:3      | Reached XP level 7. HP: 53/60 MP: 8/8
  1618 | D:4      | Found a shimmering blue altar of Sif Muna.
  1720 | D:4      | Reached skill level 6 in Axes
  1962 | D:5      | Entered Level 5 of the Dungeon
  2019 | D:5      | Reached skill level 5 in Fighting
  2019 | D:5      | Reached skill level 5 in Armour
  2019 | D:5      | Reached skill level 5 in Shields
  2019 | D:5      | Reached XP level 8. HP: 68/68 MP: 9/9
  2034 | D:5      | Found a staircase to the Ecumenical Temple.
  2051 | Temple   | Entered the Ecumenical Temple
  2063 | Temple   | Became a worshipper of Makhleb the Destroyer
  2463 | D:5      | Reached skill level 7 in Axes
  2581 | D:6      | Noticed Edmund
  2668 | D:6      | Killed Edmund
  2678 | D:6      | Gained mutation: You passively map the area around you.
                  | [Meteoran growth]
  2678 | D:6      | Reached XP level 9. HP: 38/75 MP: 10/10
  2684 | D:6      | Reached * piety under Makhleb
  2717 | D:6      | Reached skill level 8 in Axes
  2721 | D:6      | Reached skill level 6 in Armour
  2747 | D:6      | Reached skill level 6 in Fighting
  2747 | D:6      | Reached skill level 6 in Shields
  3194 | D:6      | Reached ** piety under Makhleb
  3346 | D:7      | Reached skill level 9 in Axes
  3348 | D:7      | Noticed Prince Ribbit
  3383 | D:7      | Killed Prince Ribbit
  3400 | D:7      | Noticed Joseph
  3417 | D:7      | HP: 19/78 [disintegration (14)]
  3419 | D:7      | Killed Joseph
  3420 | D:7      | Reached XP level 10. HP: 57/84 MP: 11/11
  3475 | D:7      | Reached skill level 7 in Fighting
  3475 | D:7      | Reached skill level 7 in Armour
  3541 | D:7      | Reached skill level 10 in Axes
  3541 | D:7      | Reached skill level 7 in Shields
  3599 | D:7      | Noticed Maggie
  3613 | D:7      | Killed Maggie
  3702 | D:7      | Found a stormy altar of Qazlal.
  3770 | D:7      | Reached skill level 11 in Axes
  3918 | D:8      | Noticed Amaemon
  3918 | D:8      | Noticed an orange demon
  3979 | D:9      | Noticed Harold
  3984 | D:9      | Reached skill level 8 in Armour
  4004 | D:9      | Killed Harold
  4005 | D:9      | Reached skill level 8 in Fighting
  4005 | D:9      | Reached skill level 8 in Shields
  4005 | D:9      | Reached XP level 11. HP: 32/94 MP: 12/12
  4131 | D:9      | Reached *** piety under Makhleb
  4243 | D:9      | Reached skill level 12 in Axes
  4326 | D:10     | Entered Level 10 of the Dungeon
  4394 | D:10     | Noticed a two-headed ogre
  4408 | D:10     | Killed a two-headed ogre
  4465 | D:10     | Reached skill level 9 in Armour
  4517 | D:10     | Noticed a two-headed ogre
  4545 | D:10     | HP: 17/95 [two-headed ogre/+0 giant club (15)]
  4551 | D:10     | Reached skill level 9 in Fighting
  4551 | D:10     | HP: 3/97 [two-headed ogre/+0 giant club (22)]
  4551 | D:10     | Demolished by a two-headed ogre

Illustrated notes

Levels and vault maps discovered:
D:1:      eino_arrival_cavern_c, layout_rooms, minmay_misc_feat_doors,
          bh_walls_and_bars
D:2:      layout_loops_cross
D:3:      layout_rooms, ebering_ghost_sewer_d, chequers_serial_rivers_micro_d,
          wad_floor_pattern_untrapped, uniq_pargi
D:4:      layout_rooms, mainiacjoe_overflow_24_doors, minmay_surrounded
D:5:      layout_loops_ring, minmay_temple_entry_statues, nicolae_half_adder
D:6:      layout_loops_ring, uniq_edmund
D:7:      layout_basic, grunt_qazlal_sundering, dreamdust_gnoll_farm,
          uniq_prince_ribbit1, uniq_maggie, uniq_joseph
D:8:      layout_cave_pods, uniq_amaemon
D:9:      layout_rooms, chequers_jeans, grunt_ministairs_7, st_stairs_2,
          kennysheep_generic_room_5, uniq_harold
D:10:     layout_grid_maze, kennysheep_little_box, due_lair_maze_entry_diamond,
          serial_bayou_pond_d, uniq_grum, uniq_lodul
Temple:   hellmonk_temple_of_storms

Skill      XL: |  1  2  3  4  5  6  7  8  9 10 11 |
---------------+----------------------------------+-----
Axes           | 3 4 5 6 7 9 11 12 | 12.9
Armour         | 4 5 6 8 9 |  9.0
Fighting       | 4 5 6 8 9 |  9.0
Shields        | 4 5 6 8 |  8.9

Action                     |  1- 3 |  4- 6 |  7- 9 | 10-12 || total
---------------------------+-------+-------+-------+-------++-------
  Melee: War axe           |    57 |    72 |   220 |       ||   349
         Hand axe          |       |       |    59 |   274 ||   333
  Evoke: Wand              |       |       |       |     3 ||     3
    Use: Potion            |       |     2 |     2 |     2 ||     6
         Scroll            |       |       |     3 |     3 ||     6
 Armour: Scale mail        |    25 |    70 |   230 |   150 ||   475
  Dodge: Dodged            |    21 |    49 |   119 |   143 ||   332
  Block: Buckler           |    23 |    22 |    85 |    62 ||   192

Table legend: (Time is in decaauts)
 A = Elapsed time spent in this place.
 B = Non-inter-level travel time spent in this place.
 C = Inter-level travel time spent in this place.
 D = Time resting spent in this place.
 E = Time spent auto-exploring this place.
 F = Levels seen in this place.
 G = Mean time per level.
                   A        B        C        D        E       F      G
               +--------+--------+--------+--------+--------+-----+--------+
         Total |   4568 |   4424 |    144 |    261 |   2934 |  11 |  415.3 |
       Dungeon |   4545 |   4409 |    136 |    261 |   2934 |  10 |  454.5 |
        Temple |     22 |     14 |      8 |      0 |      0 |   1 |   22.0 |
               +--------+--------+--------+--------+--------+-----+--------+

Top non-repeatable levels by time:
     D:6: 757 daAuts
     D:3: 654 daAuts
     D:5: 621 daAuts
     D:2: 469 daAuts
     D:4: 462 daAuts
     D:7: 462 daAuts
     D:1: 429 daAuts
     D:9: 350 daAuts
    D:10: 217 daAuts
     D:8: 121 daAuts
  Temple: 22 daAuts

Levels and vault maps discovered:
D:1:      eino_arrival_cavern_c, layout_rooms, minmay_misc_feat_doors,
          bh_walls_and_bars
D:2:      layout_loops_cross
D:3:      layout_rooms, ebering_ghost_sewer_d, chequers_serial_rivers_micro_d,
          wad_floor_pattern_untrapped, uniq_pargi
D:4:      layout_rooms, mainiacjoe_overflow_24_doors, minmay_surrounded
D:5:      layout_loops_ring, minmay_temple_entry_statues, nicolae_half_adder
D:6:      layout_loops_ring, uniq_edmund
D:7:      layout_basic, grunt_qazlal_sundering, dreamdust_gnoll_farm,
          uniq_prince_ribbit1, uniq_maggie, uniq_joseph
D:8:      layout_cave_pods, uniq_amaemon
D:9:      layout_rooms, chequers_jeans, grunt_ministairs_7, st_stairs_2,
          kennysheep_generic_room_5, uniq_harold
D:10:     layout_grid_maze, kennysheep_little_box, due_lair_maze_entry_diamond,
          serial_bayou_pond_d, uniq_grum, uniq_lodul
Temple:   hellmonk_temple_of_storms

Table legend: (Time is in decaauts)
 A = Elapsed time spent in this place.
 B = Non-inter-level travel time spent in this place.
 C = Inter-level travel time spent in this place.
 D = Time resting spent in this place.
 E = Time spent auto-exploring this place.
 F = Levels seen in this place.
 G = Mean time per level.
                   A        B        C        D        E       F      G
               +--------+--------+--------+--------+--------+-----+--------+
         Total |   4568 |   4424 |    144 |    261 |   2934 |  11 |  415.3 |
       Dungeon |   4545 |   4409 |    136 |    261 |   2934 |  10 |  454.5 |
        Temple |     22 |     14 |      8 |      0 |      0 |   1 |   22.0 |
               +--------+--------+--------+--------+--------+-----+--------+

Top non-repeatable levels by time:
     D:6: 757 daAuts
     D:3: 654 daAuts
     D:5: 621 daAuts
     D:2: 469 daAuts
     D:4: 462 daAuts
     D:7: 462 daAuts
     D:1: 429 daAuts
     D:9: 350 daAuts
    D:10: 217 daAuts
     D:8: 121 daAuts
  Temple: 22 daAuts

Table legend:
 A = Kills in this place as a percentage of kills in the entire game.
 B = Kills by you in this place as a percentage of kills by you in the entire game.
 C = Kills by friends in this place as a percentage of kills by friends in the entire game.
 D = Other kills in this place as a percentage of other kills in the entire game.
 E = Experience gained in this place as a percentage of experience gained in the entire game.
 F = Experience gained in this place divided by the number of levels of this place that you have seen.
                   A       B       C       D       E      F
               +-------+-------+-------+-------+-------+----------------------
         Total | 100.0 | 100.0 |   N/A |   N/A | 100.0 | 969.5
       Dungeon | 100.0 | 100.0 |   N/A |   N/A | 100.0 | 1066.4
               +-------+-------+-------+-------+-------+----------------------
